 Dungeon Crawl Stone Soup version 0.31.0-11-ge490571c62 (webtiles) character file.

Game seed: 240396551876676993

63 RancidPinata the Sneak (level 4, -10/31 HPs)
             Began as an Octopode Delver on Feb 2, 2024.
             Mangled by a gnoll
             ... wielding a +0 flail
              (13 damage)
             ... on level 6 of the Dungeon.
             The game lasted 00:01:59 (486 turns).

RancidPinata the Sneak (Octopode Delver)             Turns: 486, Time: 00:02:00

Health: -10/31     AC:  1    Str: 11    XL:     4   Next: 9%
Magic:  4/4        EV: 13    Int: 12    God:
Gold:   14         SH:  0    Dex: 15    Spells: 3/3 levels left

rFire   . . .        a - +0 short sword
rCold   . . .        (no shield)
rNeg    . . .        (helmet restricted)
rPois   .            (no amulet)
rElec   .            (no ring)
rCorr   .            (no ring)
SInv    .            (no ring)
Will    .....        (no ring)
Stlth   +++++        (no ring)
HPRegen 0.25/turn    (no ring)
MPRegen 0.09/turn    (no ring)
                     (no ring)

%: no passive effects
@: no status effects
A: almost no armour, amphibious, 8 rings, camouflage 1, gelatinous body 1,
(nimble swimmer 1), tentacles
a: no special abilities


You were on level 6 of the Dungeon.
You visited 1 branch of the dungeon, and saw 3 of its levels.

You collected 14 gold pieces.

Inventory:

Hand Weapons
 a - a +0 short sword (weapon)
Missiles
 i - 2 boomerangs (quivered)
Talismans
 g - a serpent talisman
Wands
 f - a wand of digging (3)
Scrolls
 b - a scroll of fog
 c - a scroll of revelation
 d - a scroll of fear
 h - a scroll of noise {unknown}
Potions
 e - a potion of haste
 j - a potion of berserk rage {unknown}


   Skills:
 * Level 3.5 Fighting
 + Level 2.3 Short Blades
 * Level 2.6 Dodging
 * Level 7.1 Stealth
 + Level 0.8 Shapeshifting


You had 3 spell levels left.
You didn't know any spells.
Your spell library contained the following spells:

 Spells                   Type           Power      Damage    Failure   Level
 Apportation              Tloc           0%         N/A       32%         1
 Necrotise                Necr           0%         1d4       32%         1
 Sting                    Conj/Alch      0%         1d3       32%         1
 Summon Small Mammal      Summ           0%         N/A       32%         1


Dungeon Overview and Level Annotations

Branches:
Dungeon (7/15)
 Temple: D:4-7

Altars:

Annotations:
D:6 Sigmund


Innate Abilities, Weirdness & Mutations

You cannot wear most types of armour.
You are amphibious.
You can wear up to eight rings at the same time.
Your skin changes colour to match your surroundings (Stealth+).
Your rubbery body absorbs attacks. (AC +1, EV +1)
((You are camouflaged when in or above water. (Stealth+)))
You have tentacles for arms and can constrict up to eight enemies at once.


Message History

There is a stone staircase leading up here.
There is a stone staircase leading up here.
A gnoll comes into view. It is wielding a +0 spear.
Found a scroll labelled YTHEIMAUCU.
A gnoll comes into view. It is wielding a +0 spear.
A gnoll comes into view. It is wielding a +0 flail.
Found a scroll labelled IXINAN WAEMEI.
A gnoll comes into view. It is wielding a +0 flail.
The gnoll shouts! x2
There is a stone staircase leading up here.
The gnoll closely misses you. The gnoll barely misses you.
There is a stone staircase leading up here.
The gnoll hits you with a +0 spear.
You climb upwards.
Level annotation: Sigmund
There is a stone staircase leading down here.
You barely miss the gnoll. You grab the gnoll. You squeeze the gnoll!
The gnoll is severely wounded.
You constrict the gnoll, but do no damage.
The gnoll closely misses you.
You hit the gnoll but do no damage. You squeeze the gnoll.
You kill the gnoll!
You have reached level 4!
You climb downwards.
The gnoll hits you with a +0 flail!
The gnoll hits you from afar with a +0 spear.
The gnoll hits you with a +0 flail.
There is a stone staircase leading up, spattered with blood here.
The gnoll hits you from afar with a +0 spear.
* * * LOW HITPOINT WARNING * * *
The gnoll hits you with a +0 flail.
* * * LOW HITPOINT WARNING * * *
You climb upwards.
Level annotation: Sigmund
There is a stone staircase leading down here.
You hit the gnoll. You grab the gnoll. You squeeze the gnoll.
The gnoll is lightly wounded.
You constrict the gnoll, but do no damage.
The gnoll hits you with a +0 flail!
You die...

#........[######.####.#
#...#####.##........#.#
#...#####.##.###.##.#.#
#............###.##.#.##
#.#.#####.#......##....#
#.#.# #.##.########..#
#.#.# #.##.# #### #.#.#
#g##.# #.#####@##.#
#.....)....#
#.........####
###########


You could see a gnoll.

Vanquished Creatures
  A hound (D:6)
  A gnoll (D:6)
  An adder (D:6)
  6 orcs (D:6)
9 creatures vanquished.

Notes
Turn   | Place    | Note
-------+----------+-------------------------------------------
     0 | D:5      | RancidPinata the Octopode Delver began the quest for the
                  | Orb.
     0 | D:5      | Reached XP level 1. HP: 16/16 MP: 1/1
    92 | D:6      | Reached XP level 2. HP: 9/21 MP: 2/2
   215 | D:6      | Noticed a two-headed ogre
   386 | D:6      | Reached skill level 7 in Stealth
   386 | D:6      | Reached XP level 3. HP: 26/26 MP: 3/3
   424 | D:6      | Noticed Sigmund
   482 | D:6      | Reached XP level 4. HP: 31/31 MP: 4/4
   486 | D:6      | Mangled by a gnoll

Illustrated notes

Levels and vault maps discovered:
D:5:      layout_basic
D:6:      layout_loops_ring, nicolae_overflow_hidden_temple, dk_vineyard_1,
          chequers_big_river, uniq_sigmund
D:7:      layout_rooms, mainiacjoe_overflow_surrounded_room,
          minmay_temple_entry_mini_moons, nicolae_grassy_gnolls

Skill      XL: |  1  2 |
---------------+-------+-----
Stealth        | 7 |  7.1
Fighting       | |  3.5
Short Blades   | |  2.3
Dodging        | |  2.6
Shapeshifting  | |  0.8

Action                     |  1- 3 |  4- 6 || total
---------------------------+-------+-------++-------
  Melee: Short sword       |    28 |     1 ||    29
         Constrict         |     8 |     1 ||     9
         Tentacles         |     6 |     1 ||     7
   Stab: Sleeping          |     1 |       ||     1
 Armour: Skin              |     6 |     6 ||    12
  Dodge: Dodged            |    18 |       ||    18
